 Dungeon Crawl Stone Soup version 0.31-a0-229-g1fc7ce93e2 (webtiles) character file.

Game seed: 15600034314623618243

189 qw the Shooter (level 5, -7/32 HPs)
             Began as a Gargoyle Hexslinger on July 6, 2023.
             Killed by divine providence
             ... invoked by an orc priest
              (17 damage)
             ... on level 3 of the Dungeon.
             The game lasted 00:00:55 (1747 turns).

qw the Shooter (Gargoyle Hexslinger)                Turns: 1747, Time: 00:00:55

Health: -7/32      AC:  6    Str: 11    XL:     5   Next: 68%
Magic:  6/6        EV: 12    Int: 14    God:
Gold:   102        SH:  0    Dex: 14    Spells: 5/6 levels left

rFire   . . .        f - +1 sling (heavy)
rCold   . . .        (no shield)
rNeg    + . .        c - +0 robe
rPois   inf          (no helmet)
rElec   +            (no cloak)
rCorr   .            (no gloves)
SInv    .            (no boots)
Will    .....        (no amulet)
Stlth   +            (no ring)
HPRegen 0.25/turn    (no ring)
MPRegen 0.10/turn

%: no passive effects
@: no status effects
A: sickness immunity, AC +4, negative energy resistance 1, electricity
resistance, torment resistance 1, petrification resistance
a: no special abilities


You were on level 3 of the Dungeon.
You visited 1 branch of the dungeon, and saw 3 of its levels.

You collected 102 gold pieces.


Innate Abilities, Weirdness & Mutations

You are immune to sickness and miasma.
Your stone body is resilient. (AC +4)
You are immune to poison.
You resist negative energy. (rN+)
You are resistant to electric shocks. (rElec)
You are resistant to unholy torment.
You are immune to petrification.


   Skills:
 + Level 2.9 Fighting
 - Level 5.1 Ranged Weapons
 - Level 1.5 Dodging
 - Level 1.0 Spellcasting
 - Level 2.6 Hexes


You had 5 spell levels left.
You knew the following spells:

 Your Spells              Type           Power      Damage    Failure   Level
a - Slow                  Hex            32%        N/A       9%          1

Your spell library contained the following spells:

 Spells                   Type           Power      Damage    Failure   Level
 Inner Flame              Hex/Fire       4%         N/A       41%         3
 Portal Projectile        Hex/Tloc       8%         N/A       41%         3
 Cause Fear               Hex            4%         N/A       65%         4

Inventory:

Hand Weapons
 f - a +1 heavy sling (weapon)
Armour
 a - a +0 leather armour
 c - a +0 robe (worn)
 d - a +0 ring mail
 i - a +0 cloak
Scrolls
 g - 2 scrolls of teleportation {unknown}
 k - 2 scrolls of identify
 l - a scroll of brand weapon
Potions
 b - a potion of attraction {unknown}
 e - a potion of enlightenment {unknown}
 h - a potion of heal wounds {unknown}
 j - 2 potions of curing

Dungeon Overview and Level Annotations

Branches:
Dungeon (3/15)

Altars:

Annotations:
D:1 2 runed translucent doors
D:3 exclusion: orc priest


Message History

The sling bullet closely misses the orc.
An orc comes into view. It is wielding a +0 whip.
You shoot a sling bullet. The orc shouts!
The sling bullet hits the orc.
The orc is moderately wounded.
You hear a shout!
You shoot a sling bullet. The sling bullet barely misses the orc.
The sling bullet hits the orc!
The orc is almost dead.
An orc priest comes into view. It is wielding a +0 trident.
You shoot a sling bullet.
The sling bullet completely misses the orc.
The sling bullet hits the orc!
You kill the orc!
You shoot a sling bullet.
The sling bullet closely misses the orc.
The orc closely misses you. x2
You shoot a sling bullet. The sling bullet hits the orc!
You kill the orc!
You shoot a sling bullet.
The sling bullet completely misses the orc priest.
The orc priest hits you from afar with a +0 trident.
The orc priest hits you but does no damage.
You shoot a sling bullet.
The sling bullet barely misses the orc priest.
The orc priest barely misses you.
You shoot a sling bullet. The sling bullet hits the orc priest.
The orc priest is moderately wounded.
The orc priest hits you from afar with a +0 trident.
The orc priest hits you but does no damage.
You shoot a sling bullet. The sling bullet hits the orc priest!
The orc priest is almost dead.
The orc priest invokes the aid of Beogh against you.
Beogh smites you! The orc priest barely misses you.
1747 ||| UPGRADING to +0 leather armour.
The orc priest mumbles some strange prayers to Beogh against you.
Beogh smites you!
You stop removing your armour.
Ouch! That really hurt!
You die...

### #.# #.. #.#
#.##### #.# #.#...
#)#
##+#.#.#########)#
#...............o#
.(.........#####.##
...............)@.#
............####..#
.............)....#
............#######
.#............#
.###........#.#
....>######.#.#
.###.# #.#.# ## #
#.#.#


You could see an orc priest.

Vanquished Creatures
  Jessica (D:2)
  2 orc wizards
  2 adders (D:2)
  A worm (D:2)
  6 dart slugs
  5 orcs (D:3)
  9 ball pythons
  11 bats
  9 endoplasms
  3 giant cockroaches
  4 goblins (D:1)
  2 hobgoblins
  3 jackals (D:2)
  2 quokkas (D:2)
  2 frilled lizards
  7 kobolds
  6 rats
75 creatures vanquished.

Notes
Turn   | Place    | Note
-------+----------+-------------------------------------------
     0 | D:1      | qw the Gargoyle Hexslinger began the quest for the Orb.
     0 | D:1      | Reached XP level 1. HP: 12/12 MP: 2/2
     0 | D:1      | 0 ||| qw: Version: 0.3-a-46-gb1f654a
     0 | D:1      | 0 ||| qw: Game counter: 1650
     0 | D:1      | 0 ||| qw: Melee chars always use a shield: true
     0 | D:1      | 0 ||| qw: God list: Okawaru
     0 | D:1      | 0 ||| qw: Allow faded altars: false
     0 | D:1      | 0 ||| qw: Do Orc after clearing Dungeon:15 true
     0 | D:1      | 0 ||| qw: Do second Lair branch before Depths: true
     0 | D:1      | 0 ||| qw: Lair rune preference: random
     0 | D:1      | 0 ||| qw: Goals: Normal
     0 | D:1      | 0 ||| PLANNING D:1-11
    76 | D:1      | Found a large runed translucent door.
    76 | D:1      | Found a large runed translucent door.
    94 | D:1      | Reached XP level 2. HP: 12/16 MP: 3/3
   206 | D:1      | Reached skill level 3 in Ranged Weapons
   293 | D:1      | Reached XP level 3. HP: 21/21 MP: 4/4
   869 | D:1      | 869 ||| READING scroll labelled FOATSOUZEYGU.
   870 | D:1      | 870 ||| READING scroll labelled XERIFU YRASME.
   871 | D:1      | 871 ||| READING 2 scrolls labelled WIPIUPN UTENWO.
   872 | D:1      | 872 ||| READING scroll labelled ZYRRUA USAUH FIMAY.
   873 | D:1      | 873 ||| READING scroll labelled YCREOSASHEEX.
   874 | D:1      | 874 ||| DRINKING 3 bubbling dark potions.
   875 | D:1      | 875 ||| DROPPING scroll of poison.
   876 | D:1      | 876 ||| DROPPING 2 potions of magic.
   970 | D:2      | Reached XP level 4. HP: 26/26 MP: 5/5
  1001 | D:2      | Reached skill level 4 in Ranged Weapons
  1016 | D:2      | Noticed Jessica
  1025 | D:2      | Killed Jessica
  1172 | D:2      | Reached XP level 5. HP: 27/30 MP: 6/6
  1379 | D:2      | 1379 ||| DROPPING ring of flight.
  1380 | D:2      | 1380 ||| DRINKING 4 blue potions.
  1381 | D:2      | 1381 ||| READING 2 scrolls of identify.
  1381 | D:2      | 1381 ||| IDENTIFYING ruby potion
  1382 | D:2      | 1382 ||| DROPPING potion of brilliance.
  1438 | D:3      | Reached skill level 5 in Ranged Weapons
  1438 | D:3      | 1438 ||| FLEEEEING.
  1439 | D:3      | 1439 ||| FLEEEEING.
  1440 | D:3      | 1440 ||| FLEEEEING.
  1441 | D:3      | 1441 ||| FLEEEEING.
  1442 | D:3      | 1442 ||| FLEEEEING.
  1443 | D:3      | 1443 ||| FLEEEEING.
  1444 | D:3      | 1444 ||| FLEEEEING.
  1445 | D:3      | 1445 ||| FLEEEEING.
  1446 | D:3      | 1446 ||| FLEEEEING.
  1447 | D:3      | 1447 ||| FLEEEEING.
  1448 | D:3      | 1448 ||| FLEEEEING.
  1449 | D:3      | 1449 ||| FLEEEEING.
  1454 | D:3      | 1454 ||| FLEEEEING.
  1455 | D:3      | 1455 ||| FLEEEEING.
  1456 | D:3      | 1456 ||| FLEEEEING.
  1457 | D:3      | 1457 ||| FLEEEEING.
  1457 | D:3      | HP: 5/30 [something/puff of flame (4)]
  1465 | D:3      | 1465 ||| STAIRDANCE
  1557 | D:3      | 1557 ||| STAIRDANCE
  1559 | D:2      | 1559 ||| DRINKING 3 potions of curing.
  1559 | D:2      | 1559 ||| (to cure confusion)
  1570 | D:3      | 1570 ||| STAIRDANCE
  1747 | D:3      | 1747 ||| UPGRADING to +0 leather armour.
  1747 | D:3      | Killed from afar by an orc priest

Levels and vault maps discovered:
D:1:      erik_arrival_cave_to_civilisation [erik_arrival_cave_to_temple],
          layout_basic
D:2:      layout_rooms, uniq_jessica
D:3:      layout_basic

Skill      XL: |  1  2  3  4  5 |
---------------+----------------+-----
Ranged Weapons | 3 4 5 |  5.1
Fighting       | 2 |  2.9
Dodging        | |  1.5
Spellcasting   | |  1.0
Hexes          | |  2.6

Action                     |  1- 3 |  4- 6 || total
---------------------------+-------+-------++-------
   Fire: Sling             |    98 |   102 ||   200
    Use: Scroll            |     5 |     1 ||     6
         Potion            |     1 |     2 ||     3
 Armour: Robe              |    13 |    41 ||    54
  Dodge: Dodged            |    27 |    43 ||    70

Table legend:
 A = Non-vault XP
 B = Vault XP
 C = Vault XP percentage of total XP
 D = Non-vault monster count
 E = Vault monster count
 F = Vault count percentage of total count
                 A         B        C        D         E       F
            +---------+---------+-------+---------+---------+-------
      Total |     229 |      41 |  15.2 |      72 |       3 |   4.0
            +---------+---------+-------+---------+---------+-------
        D:1 |      50 |       4 |   7.4 |      31 |       2 |   6.1
        D:2 |     118 |      37 |  23.9 |      27 |       1 |   3.6
        D:3 |      61 |       0 |   0.0 |      14 |       0 |   0.0
            +---------+---------+-------+---------+---------+-------
